 Dungeon Crawl Stone Soup version 0.19.1-1-g22dce08 (webtiles) character file.

63 Kiturien the Stinger (level 4, -2/40 HPs)
             Began as an Octopode Venom Mage on Jan 14, 2017.
             Slain by Jessica (3 damage)
             ... on level 2 of the Dungeon.
             The game lasted 00:07:17 (1576 turns).

Kiturien the Stinger (Octopode Venom Mage)          Turns: 1576, Time: 00:07:18

Health: -2/40      AC: 22    Str:  7    XL:     4   Next: 10%
Magic:  7/7        EV:  2    Int: 18    God:
Gold:   26         SH:  0    Dex: 12    Spells: 1 memorised, 6 levels left

rFire  . . .     SeeInvis .     d - +0 hand axe
rCold  . . .     Gourm    .     (no shield)
rNeg   + + +     Faith    .     (helmet currently unavailable)
rPois  +         Spirit   .     (no amulet)
rElec  .         Reflect  .     (no ring)
rCorr  .         Harm     .     (no ring)
MR     .....     NoTele   +     (no ring)
Stlth  ++........               (no ring)
                                (no ring)
                                (no ring)
                                (no ring)
                                (no ring)

@: tree-form
A: almost no armour, stealthy swim, (amphibious), 8 rings, (constrict 8),
(camouflage 0), (gelatinous body 0)
a: no special abilities


You were on level 2 of the Dungeon.
You were not hungry.
You were a tree.
You visited 1 branch of the dungeon, and saw 2 of its levels.

You collected 26 gold pieces.

Inventory:

Hand Weapons
 d - a +0 hand axe (weapon)
Scrolls
 c - a scroll of fear {unknown}
 e - a scroll of immolation {unknown}
 f - a scroll of noise
 h - a scroll of recharging {unknown}
 i - a scroll of enchant armour
Potions
 g - 4 potions of lignification
Books
 a - a Young Poisoner's Handbook

   Spells                             Type                      Level
   a - Sting                          Conjuration/Poison           1
   b - Mephitic Cloud                 Conjuration/Poison/Air       3
   c - Olgreb's Toxic Radiance        Poison                       4
   d - Alistair's Intoxication        Transmutation/Poison         5
   e - Venom Bolt                     Conjuration/Poison           5
Comestibles
 b - a bread ration
 k - a meat ration


   Skills:
 + Level 0.4 Fighting
 + Level 1.5 Axes
 + Level 2.1 Dodging
 + Level 3.2 Stealth
 + Level 2.1 Spellcasting
 + Level 0.2 Conjurations
 + Level 5.8 Poison Magic


You had 6 spell levels left.
You knew the following spells:

 Your Spells              Type           Power        Failure   Level  Hunger
a - Sting                 Conj/Pois      ##..         6%          1    #......


Dungeon Overview and Level Annotations

Branches:
Dungeon (2/15)

Altars:

Annotations:
D:2 Jessica


Innate Abilities, Weirdness & Mutations

You cannot wear most types of armour.
You are very stealthy in the water. (Stealth+)
((You are amphibious.))
You can wear up to eight rings at the same time.
((You can use your tentacles to constrict eight enemies at once.))
((Your skin changes colour to match your surroundings (Stealth+).))
((Your rubbery body absorbs attacks. (AC +1, EV +1)))


Message History

You hear a shout!
Found a short sword.
You see here a short sword.
Jessica gestures at you while chanting. Pain shoots through your body!
Ouch! That really hurt!
* * * LOW HITPOINT WARNING * * *
Jessica hits you.
* * * LOW HITPOINT WARNING * * *
You hit Jessica. You grab Jessica.
Jessica is heavily wounded.
You constrict Jessica, but do no damage.
Jessica closely misses you.
You hit Jessica.
Jessica is severely wounded.
You constrict Jessica. Jessica hits you.
* * * LOW HITPOINT WARNING * * *
You turn into a tree.
Your roots penetrate the ground.
You lose your grip on Jessica.
Jessica hits you.
You die...

.##.......#
.....##..###
##.#.##..###
#..........
#.......... ######
##......... #)...#
####.........
####.####.............
#.♣...............>
#.#@..####.........
#..................
##..#####..........
#..#######.........
#.....!.....#......
###########........
#........ ##.#..#.#


You could see Jessica.

Vanquished Creatures
  A gnoll (D:1)
  An adder (D:2)
  A worm (D:2)
  2 dart slugs
  A giant cockroach (D:1)
  7 goblins
  4 hobgoblins
  4 kobolds
  2 ball pythons
  6 bats
  3 frilled lizards
  8 rats
40 creatures vanquished.

Notes
Turn   | Place    | Note
-------+----------+-------------------------------------------
     0 | D:1      | Kiturien the Octopode Venom Mage began the quest for the Orb.
     0 | D:1      | Reached XP level 1. HP: 11/11 MP: 3/3
    55 | D:1      | Reached skill level 5 in Poison Magic
   107 | D:1      | Reached XP level 2. HP: 17/17 MP: 5/5
   356 | D:1      | Reached XP level 3. HP: 20/21 MP: 4/6
  1091 | D:2      | Reached skill level 1 in Axes
  1459 | D:2      | Noticed Jessica
  1478 | D:2      | Reached XP level 4. HP: 27/27 MP: 7/7
  1575 | D:2      | HP: 1/27 [Jessica (2)]
  1576 | D:2      | Slain by Jessica

Skill      XL: |  1  2  3 |
---------------+----------+-----
Poison Magic   | 5 |  5.8
Axes           | 1 |  1.5
Stealth        | 3 |  3.2
Fighting       | |  0.4
Dodging        | |  2.1
Spellcasting   | |  2.1
Conjurations   | |  0.2

Action                   |  1- 3 |  4- 6 || total
-------------------------+-------+-------++-------
Melee: Hand axe          |    55 |    13 ||    68
       Constrict         |    18 |     4 ||    22
       Tentacles         |     5 |     3 ||     8
 Cast: Sting             |    18 |       ||    18
  Use: Potion            |     1 |     2 ||     3
       Scroll            |     1 |     1 ||     2
 Stab: Sleeping          |     4 |       ||     4
  Eat: Bread ration      |     1 |       ||     1
Armor: Skin              |    11 |       ||    11
Dodge: Dodged            |    43 |     6 ||    49
